 Dungeon Crawl Stone Soup version 0.26.1-11-gd32895ea62 (webtiles) character file.

Game seed: 16453009725088678262

10 Descartes the Ducker (level 2, -9/14 HPs)
             Began as a Felid Chaos Knight on May 29, 2021.
             Was a Plaything of Xom.
             Mangled by an ice devil (21 damage)
             ... summoned by Xom
             ... on level 1 of the Dungeon.
             The game lasted 00:01:57 (776 turns).

Descartes the Ducker (Felid Chaos Knight)            Turns: 776, Time: 00:01:58

Health: -9/14      AC:  1    Str:  8    XL:     2   Next: 10%
Magic:  3/3        EV: 18    Int: 13    God:    Xom [.*....]
Gold:   24         SH:  0    Dex: 15    Spells: 1/1 levels left
                                        Lives:  0   Deaths: 0

rFire    . . .     SeeInvis +     - Unarmed
rCold    . . .     Faith    .   (shield unavailable)
rNeg     . . .     Spirit   .   (armour unavailable)
rPois    .         Reflect  .   (helmet unavailable)
rElec    +         Harm     .   (cloak unavailable)
rCorr    .         Rampage  .   (gloves unavailable)
Will     .....                  (boots unavailable)
Stlth    ++........             a - amulet "Motroif" {RegenMP +Inv rElec}
HPRegen  0.04/turn              (no ring)
MPRegen  0.33/turn              (no ring)

@: very slightly contaminated, quick
A: very small, no armour, no weapons or thrown items, stealth, claws 1, fangs 3,
see invisible, speed 1, shaggy fur 1, sharp paws
a: Renounce Religion, Evoke Invisibility


You were on level 1 of the Dungeon.
You worshipped Xom.
You were a plaything of Xom.
You visited 1 branch of the dungeon, and saw 1 of its levels.

You collected 24 gold pieces.

Inventory:

Jewellery
 a - the amulet "Motroif" (around neck) {RegenMP +Inv rElec}
   (Xom gifted it to you on level 1 of the Dungeon)

   [amulet of magic regeneration]

   It increases your magic regeneration.
   It insulates you from electricity.
   It lets you turn invisible.
Scrolls
 b - 2 scrolls of identify {unknown}


   Skills:
 + Level 3.1 Fighting
 + Level 3.4 Dodging
 * Level 1.6 Stealth
 + Level 3.1 Unarmed Combat
 * Level 0.0 Evocations


You had one spell level left.
You didn't know any spells.
Your spell library was empty.

Dungeon Overview and Level Annotations

Branches:
Dungeon (1/15)

Altars:


Innate Abilities, Weirdness & Mutations

You cannot wear armour.
You are incapable of wielding weapons or throwing items.
Your paws allow you to move quietly. (Stealth)
You have sharp claws.
You have razor-sharp teeth.
You have supernaturally acute eyesight. (SInv)
You cover ground quickly.
You are covered in fur. (AC +1)
Your sharp claws are effective at attacking unaware monsters.


Message History

Magic restored.
A frilled lizard comes into view.
You flicker for a moment.
You scratch the frilled lizard.
You kill the frilled lizard!
Your life force feels restored.
No target in view!
No target in view!
You are now a BORING thing.
Unknown command.
You flicker back into view. "Fight to survive, mortal."
You are now a plaything of Xom.
You scratch the neqoxec but do no damage.
The neqoxec closely misses you.
You scratch the ice devil but do no damage.
You scratch the ice devil but do no damage.
The ice devil hits you. The ice devil freezes you!!
Ouch! That really hurt!
You die...

#.#####.########
................
......#.########
.#....#.# ......#.#
.#....#.#####
......#.....####+####.##
.#.##...................
...#####.......4@†...#
................3....#
......#..............#
.####.#.#.....###....#
........#.....#⌠#....#
....#.###.....###....#
........#............+
........#............#
..#.....#


You could see an ice devil (summoned) and a neqoxec (summoned).

Vanquished Creatures
  A dart slug (D:1)
  A goblin (D:1)
  A hobgoblin (D:1)
  A kobold (D:1)
  2 bats (D:1)
  3 frilled lizards (D:1)
9 creatures vanquished.

Notes
Turn   | Place    | Note
-------+----------+-------------------------------------------
     0 | D:1      | Descartes the Felid Chaos Knight began the quest for the
                  | Orb.
     0 | D:1      | Reached XP level 1. HP: 10/10 MP: 2/2
   162 | D:1      | XOM: silly message
   346 | D:1      | Reached skill level 1 in Stealth
   573 | D:1      | Reached XP level 2. HP: 10/14 MP: 3/3
   646 | D:1      | XOM: god gift: crude garnet amulet {god gift}
   647 | D:1      | Got a crude garnet amulet {god gift}
   653 | D:1      | Identified the amulet "Motroif" {RegenMP +Inv rElec} (Xom
                  | gifted it to you on level 1 of the Dungeon)
   773 | D:1      | XOM is BORED!
   773 | D:1      | XOM: summons 2 hostile demons
   774 | D:1      | Noticed an ice devil
   774 | D:1      | Noticed a neqoxec
   776 | D:1      | Mangled by an ice devil

Illustrated notes

Levels and vault maps discovered:
D:1:      dpeg_arrival_renting, layout_basic, serial_glass, glass_columns_b,
          glass_columns_a, glass_columns_b, glass_columns_c, glass_columns_b,
          glass_columns_b, glass_columns_c, glass_columns_b, feat_on_display

Skill      XL: |  1 |
---------------+----+-----
Stealth        | 1 |  1.6
Fighting       | |  3.1
Dodging        | |  3.4
Unarmed Combat | |  3.1

Action                   || total
-------------------------++-------
Melee: Unarmed           ||    30
 Abil: Evoke Invisibilit ||     1
 Stab: Sleeping          ||     2
Armor: Skin              ||     1
Dodge: Dodged            ||    17
